AoeStats
← BARAKA wins!

Arena

510829414Analyzed
4v4 RM · 14h ago on Oct 2, 2026· 33m 41s· 8 players
Game mode
Random Map
Map size
Large (8 player)
Population
200
Speed
Normal
Resources
Standard
Victory
Conquest
Starting age
Dark Age
Ending age
Imperial Age
RankedLock teamsTeams togetherTeam positionsShared explorationLock speedFull tech treeHidden civsTurbo modeCheats
Victory
Defeat
🇵🇱 Celts · Poland
1298
+14
🇵🇹 Tupi · Portugal
1274
+15
🇮🇱 Magyars · Israel
1208
+18
🇵🇹 Franks · Portugal
1149
+21
🇨🇳 Franks · China
1269
-17
🇳🇱 Burmese · Netherlands
1261
-17
🇵🇪 Inca · Peru
1246
-17
🇧🇷 Persians · Brazil
1242
-17
GoodFunHaveLuck
10:49 Feudal Age
14:35 Castle Age
13:33 Loom
KRATOS | GOD OF WAR
8:09 Loom
10:07 Feudal Age
15:16 Castle Age
15:03 Double-Bit Axe
17:31 Bow Saw
19:54 Gold Mining
22:00 Wheelbarrow
24:38 Stone Mining
26:12 Gold Shaft Mining
29:59 Imperial Age
28:46 Hand Cart
30:33 Husbandry
30:40 Scale Barding Armor
30:36 Scale Mail Armor
30:41 Cavalier
31:45 Chain Barding Armor
31:35 Forging
32:24 Chain Mail Armor
32:30 Paladin
Mike
11:03 Feudal Age
15:58 Castle Age
14:10 Double-Bit Axe
14:57 Horse Collar
16:08 Scale Barding Armor
16:42 Light Cavalry
24:32 Chain Barding Armor
25:42 Loom
30:43 Bloodlines
30:34 Husbandry
30:43 Heavy Plow
30:58 Bow Saw
32:53 Wheelbarrow
BARAKA wins!
10:42 Feudal Age
15:27 Castle Age
13:22 Double-Bit Axe
14:37 Horse Collar
15:11 Gold Mining
17:09 Bow Saw
18:40 Scale Mail Armor
20:32 Gold Shaft Mining
23:12 Chain Mail Armor
24:10 Forging
24:18 Loom
25:11 Squires
24:57 Arson
25:49 Iron Casting
25:30 Pikeman
28:56 Wheelbarrow
31:54 Hand Cart
Troll$
10:48 Feudal Age
14:28 Castle Age
12:17 Horse Collar
14:10 Wheelbarrow
16:07 Heavy Plow
18:44 Loom
Mine Grote
11:41 Feudal Age
12:28 Loom
16:21 Castle Age
15:05 Horse Collar
15:10 Double-Bit Axe
16:48 Wheelbarrow
20:01 Stone Mining
22:12 Heavy Plow
23:51 Bow Saw
30:43 Imperial Age
28:29 Hand Cart
28:18 Scale Mail Armor
29:28 Forging
29:53 Gold Mining
30:40 Stone Shaft Mining
31:59 Chain Mail Armor
31:26 Heavy Scorpion
33:09 Iron Casting
33:02 Pikeman
33:43 Squires
鱼鱼
10:00 Feudal Age
13:43 Castle Age
12:25 Double-Bit Axe
20:26 Scale Barding Armor
29:30 Forging
31:18 Chain Barding Armor
31:53 Loom
HAHA
11:40 Feudal Age
12:26 Loom
15:41 Castle Age
14:08 Double-Bit Axe
14:36 Forging
14:20 Horse Collar
14:21 Man-at-Arms
15:51 Long Swordsman
18:38 Scale Mail Armor
22:41 Wheelbarrow
21:57 Town Watch
23:40 Iron Casting
24:13 Bow Saw
33:40 Imperial Age
31:18 Gambesons
31:34 Squires
31:19 Arson
Connection lost

Rejoining the realm…

Still unreachable

The connection could not be restored.

Session expired

The server has moved on; the page needs a fresh start.